 Dungeon Crawl Stone Soup version 0.16.2-12-gd0ad4c3 (webtiles) character file.

479 Stagor the Stinger (level 6, -2/32 HPs)
             Began as a Deep Elf Venom Mage on Feb 6, 2016.
             Was a Believer of Vehumet.
             Slain by an orc wizard
             ... wielding a +0 dagger
              (3 damage)
             ... on level 5 of the Dungeon.
             The game lasted 00:46:18 (4705 turns).

Stagor the Stinger (Deep Elf Venom Mage)            Turns: 4705, Time: 00:46:18

Health: -2/32      AC:  3    Str:  5    XL:     6   Next: 86%
Magic:  22/22      EV: 13    Int: 22    God:    Vehumet [**....]
Gold:   123        SH:  0    Dex: 15    Spells: 1 memorised, 17 levels left

rFire  . . .     SeeInvis .     q - +0 mace (drain)
rCold  . . .     Clarity  .     a - +0 robe
rNeg   + . .     SustAb   .     (no shield)
rPois  .         Gourm    .     (no helmet)
rElec  .         Spirit   .     (no cloak)
rCorr  .         Warding  +     e - +0 pair of gloves
rMut   .         Stasis   .     (no boots)
MR     .....                    o - amulet of warding
Stlth  ++........               (no ring)
                                (no ring)

@: not resistant to hostile enchantments, unstealthy
A: no striking features
a: Renounce Religion


You were on level 5 of the Dungeon.
You worshipped Vehumet.
Vehumet was pleased with you.
You were not hungry.

You visited 1 branch of the dungeon, and saw 5 of its levels.

You collected 123 gold pieces.

Inventory:

Hand weapons
 d - a +0 dagger
 g - a +4 short sword
 l - a +0 short sword
 q - a +0 mace of draining (weapon)
 u - a +2 hand axe of electrocution
Armour
 a - a +0 robe (worn)
 e - a +0 pair of gloves (worn)
 f - a +0 chain mail
 k - a +0 leather armour
Jewellery
 o - an amulet of warding (around neck)
Scrolls
 h - 2 scrolls of teleportation
 m - 3 scrolls of identify
 p - 2 scrolls of amnesia {unknown}
 s - a scroll of enchant weapon {unknown}
 t - 2 scrolls of remove curse {unknown}
Potions
 i - a potion of curing
 j - a potion of might
 r - a potion of flight {unknown}
Books
 b - a Young Poisoner's Handbook

   Spells                             Type                      Level
   a - Sting                          Conjuration/Poison           1
   b - Cure Poison                    Poison                       2
   c - Mephitic Cloud                 Conjuration/Poison/Air       3
   d - Olgreb's Toxic Radiance        Poison                       4
   e - Venom Bolt                     Conjuration/Poison           5
Comestibles
 c - a bread ration


   Skills:
 - Level 2.8 Dodging
 - Level 2.4 Stealth
 * Level 6.6 Spellcasting
 + Level 2.6 Conjurations
 * Level 6.8 Poison Magic


You had 17 spell levels left.
You knew the following spells:

 Your Spells              Type           Power        Failure   Level  Hunger
a - Sting                 Conj/Pois      ####         1%          1    None


Dungeon Overview and Level Annotations

Branches:
Dungeon (5/15)
 Temple: D:4-7

Altars:
Nemelex Xobeh
Okawaru
Trog
Vehumet
Zin
The Shining One


Message History

Drink which item? (? for menu, Esc to quit)
It was a potion of poison.
That liquid tasted very nasty...
You are lethally poisoned!
* * * LOW HITPOINT WARNING * * *
You feel sick. Something hits you.
* * * LOW HITPOINT WARNING * * *
Drink which item? (? for menu, Esc to quit)
You feel better. Something hits you.
You start resting.
Something hits you but does no damage.
You start resting.
Something hits you.
You start resting.
Magic restored.
Something hits you.
You start resting.
Something hits you but does no damage.
You start resting.
You hear some strange, mumbled words.
The puff of flame hits you!
* * * LOW HITPOINT WARNING * * *
There is a strange disturbance nearby!
You miss something. Something hits you.
You die...

...###......#
..........#.#
#.......#.#.#
.#...#)#.#.#
#.#.#)#.#.# #
#(#.#.#.#.#
#.#...#.#.#.#
.#.$.....#.#.#
#........@{.#.#
.......?......#
.##.......#####
#.........
##.######## #


There were no monsters in sight!

Vanquished Creatures
  A hound (D:4)
  2 orc priests (D:4)
  A worker ant (D:4)
  An iguana (D:4)
  14 gnolls
  11 adders
  4 worms
  2 adder skeletons (D:4)
  5 giant geckos
  An ooze (D:2)
  9 orcs
  9 bats
  4 giant cockroaches
  9 goblins
  6 hobgoblins
  2 quokkas
  A ball python (D:2)
  A ball python skeleton (D:4)
  A giant gecko skeleton (D:4)
  4 giant newts
  7 jackals
  11 kobolds
  11 rats
117 creatures vanquished.

Notes
Turn   | Place    | Note
--------------------------------------------------------------
     0 | D:1      | Stagor, the Deep Elf Venom Mage, began the quest for the Orb.
     0 | D:1      | Reached XP level 1. HP: 10/10 MP: 5/5
   429 | D:1      | Reached XP level 2. HP: 15/15 MP: 3/8
   965 | D:2      | Reached XP level 3. HP: 13/19 MP: 0/11
  1294 | D:2      | Reached skill level 5 in Poison Magic
  1770 | D:2      | Reached XP level 4. HP: 24/24 MP: 6/15
  1774 | D:2      | Found a radiant altar of Vehumet.
  1788 | D:2      | Found a sparkling altar of Nemelex Xobeh.
  1797 | D:2      | Found a bloodstained altar of Trog.
  1806 | D:2      | Found a glowing silver altar of Zin.
  1818 | D:2      | Became a worshipper of Vehumet
  1969 | D:2      | Found an iron altar of Okawaru.
  2149 | D:3      | Reached skill level 5 in Spellcasting
  2487 | D:3      | Reached XP level 5. HP: 28/28 MP: 7/19
  2609 | D:3      | Reached skill level 1 in Conjurations
  2830 | D:3      | Acquired Vehumet's first power
  2830 | D:3      | Offered knowledge of Freeze by Vehumet.
  3076 | D:4      | Reached skill level 6 in Poison Magic
  3086 | D:4      | Reached XP level 6. HP: 13/32 MP: 3/22
  3399 | D:4      | Found a glowing golden altar of the Shining One.
  3453 | D:4      | Noticed an ogre
  4232 | D:4      | Offered knowledge of Sandblast by Vehumet.
  4648 | D:5      | Entered Level 5 of the Dungeon
  4704 | D:5      | HP: 1/32 [something/puff of flame (9)]
  4705 | D:5      | Slain by an orc wizard

Action                   |  1- 3 |  4- 6 || total
-------------------------+-------+-------++-------
Melee: Short sword       |     7 |     1 ||     8
       Mace              |       |    20 ||    20
 Cast: Sting             |   107 |   222 ||   329
  Use: Scroll            |     3 |     2 ||     5
       Potion            |     2 |     2 ||     4
  Eat: Bread ration      |     1 |     1 ||     2
       Meat ration       |       |     1 ||     1
